 Dungeon Crawl Stone Soup version 0.31-a0-188-g5e087ee2ca (webtiles) character file.

Game seed: 15413224929482459957

53 qw the Shooter (level 3, 0/20 HPs)
             Began as a Deep Elf Hunter on June 23, 2023.
             Slain by an adder (3 damage)
             ... on level 2 of the Dungeon.
             The game lasted 00:00:29 (1040 turns).

qw the Shooter (Deep Elf Hunter)                    Turns: 1040, Time: 00:00:29

Health: 0/20       AC:  5    Str: 10    XL:     3   Next: 62%
Magic:  5/5        EV: 11    Int: 13    God:
Gold:   78         SH:  0    Dex: 18    Spells: 2/2 levels left

rFire   . . .        Y - +0 shortbow
rCold   . . .        (shield currently unavailable)
rNeg    . . .        e - +0 ring mail
rPois   .            (no helmet)
rElec   .            (no cloak)
rCorr   .            (no gloves)
SInv    .            (no boots)
Will    .....        (no amulet)
Stlth   +            (no ring)
HPRegen 0.23/turn    (no ring)
MPRegen 0.09/turn

%: no passive effects
@: lethally poisoned (0 -> -2), about to teleport
A: no striking features
a: no special abilities


You were on level 2 of the Dungeon.
You visited 1 branch of the dungeon, and saw 2 of its levels.

You collected 78 gold pieces.


   Skills:
 - Level 1.5 Fighting
 + Level 7.1 Ranged Weapons
 - Level 2.4 Dodging
 - Level 1.2 Stealth


You had 2 spell levels left.
You didn't know any spells.
Your spell library was empty.

Inventory:

Hand Weapons
 Y - a +0 shortbow (weapon)
Armour
 e - a +0 ring mail (worn)
Jewellery
 a - an amulet of the acrobat
Scrolls
 b - a scroll of identify {unknown}
Potions
 d - a potion of cancellation {unknown}
 g - a potion of curing {unknown}
 j - a potion of lignification {unknown}

Dungeon Overview and Level Annotations

Branches:
Dungeon (2/15)

Altars:


Message History

You feel sick. The adder closely misses you. The frilled lizard bites you.
You shoot an arrow. The arrow closely misses the adder.
You feel sick.
You are no longer poisoned.
The adder barely misses you. The frilled lizard misses you.
The adder bites you but does no damage.
You shoot an arrow.
The arrow hits the adder but does no damage.
The frilled lizard bites you but does no damage.
The adder bites you.
You shoot an arrow. The arrow misses the adder.
The adder misses you. The frilled lizard bites you. The adder misses you.
The frilled lizard completely misses you.
You shoot an arrow. The arrow barely misses the adder.
The adder completely misses you. The frilled lizard barely misses you.
The adder bites you but does no damage.
You shoot an arrow. The arrow barely misses the adder.
The adder misses you. The frilled lizard closely misses you.
You shoot an arrow. The arrow hits the adder.
The adder is lightly wounded.
The adder bites you but does no damage.
The frilled lizard bites you but does no damage.
The adder bites you.
You are poisoned.
The adder poisons you!
You shoot an arrow. The arrow hits the adder.
The adder is moderately wounded.
You feel sick.
The frilled lizard bites you but does no damage.
The adder closely misses you.
1039 ||| READING scroll of teleportation.
As you read the scroll of teleportation, it crumbles to dust.
You feel strangely unstable.
You feel sick. The adder bites you but does no damage.
The frilled lizard bites you but does no damage.
You shoot an arrow. The arrow hits the adder.
The adder is almost dead.
You feel sick. The adder bites you but does no damage.
The frilled lizard barely misses you. The adder bites you.
You die...

...... #.##.%..##+#
#######
.....##.....<#......
...
#.......).###......
..## #.........#
...... . ..
#.........# ......
..
#.........##......
..
#................#
(. #..)...........
.. #......@l...?..
.# ..........S......
##............... #
##....#####..... +
####.. ..... # ##+
.... ... ##+


You could see an adder and a frilled lizard.

Vanquished Creatures
  An adder (D:2)
  2 dart slugs (D:1)
  2 ball pythons (D:1)
  4 bats
  4 endoplasms (D:1)
  2 giant cockroaches (D:1)
  6 goblins
  6 hobgoblins
  A quokka (D:2)
  3 frilled lizards (D:1)
  2 kobolds (D:1)
  2 rats (D:1)
35 creatures vanquished.

Notes
Turn   | Place    | Note
-------+----------+-------------------------------------------
     0 | D:1      | qw the Deep Elf Hunter began the quest for the Orb.
     0 | D:1      | Reached XP level 1. HP: 12/12 MP: 3/3
     0 | D:1      | 0 ||| qw: Version: 0.3-a-9-g12657ce
     0 | D:1      | 0 ||| qw: Game counter: 3578
     0 | D:1      | 0 ||| qw: Always use a shield: true
     0 | D:1      | 0 ||| qw: God list: Okawaru
     0 | D:1      | 0 ||| qw: Allow faded altars: false
     0 | D:1      | 0 ||| qw: Do Orc after D:15 true
     0 | D:1      | 0 ||| qw: Do second Lair branch before Depths: true
     0 | D:1      | 0 ||| qw: Lair rune preference: random
     0 | D:1      | 0 ||| qw: Plans: Normal
     0 | D:1      | 0 ||| PLANNING D:1-11
    39 | D:1      | Reached XP level 2. HP: 7/16 MP: 4/4
    41 | D:1      | Reached skill level 6 in Ranged Weapons
   359 | D:1      | 359 ||| FLEEEEING.
   372 | D:1      | 372 ||| FLEEEEING.
   373 | D:1      | 373 ||| FLEEEEING.
   505 | D:1      | Reached XP level 3. HP: 20/20 MP: 5/5
   853 | D:1      | 853 ||| UPGRADING to +0 ring mail.
   863 | D:1      | 863 ||| DROPPING +0 leather armour.
   864 | D:1      | 864 ||| READING scroll labelled KUQA UM RASH.
   865 | D:1      | 865 ||| READING 2 scrolls labelled GEOCAEBILO.
   868 | D:1      | 868 ||| READING scroll labelled BILEHE DUN MOI.
   869 | D:1      | 869 ||| DROPPING scroll of butterflies.
  1003 | D:2      | Reached skill level 7 in Ranged Weapons
  1038 | D:2      | HP: 5/20 [poisoned by an adder]
  1039 | D:2      | 1039 ||| READING scroll of teleportation.
  1040 | D:2      | Slain by an adder

Levels and vault maps discovered:
D:1:      lightli_arrival_noodles, layout_basic
D:2:      layout_basic

Skill      XL: |  1  2  3 |
---------------+----------+-----
Ranged Weapons | 6 7 |  7.1
Fighting       | |  1.5
Dodging        | |  2.4
Stealth        | |  1.2

Action                     || total
---------------------------++-------
   Fire: Shortbow          ||   111
    Use: Scroll            ||     4
 Armour: Leather armour    ||    12
         Ring mail         ||    16
  Dodge: Dodged            ||    49

Table legend:
 A = Non-vault XP
 B = Vault XP
 C = Vault XP percentage of total XP
 D = Non-vault monster count
 E = Vault monster count
 F = Vault count percentage of total count
                 A         B        C        D         E       F
            +---------+---------+-------+---------+---------+-------
      Total |      76 |       0 |   0.0 |      35 |       0 |   0.0
            +---------+---------+-------+---------+---------+-------
        D:1 |      54 |       0 |   0.0 |      29 |       0 |   0.0
        D:2 |      22 |       0 |   0.0 |       6 |       0 |   0.0
            +---------+---------+-------+---------+---------+-------
